 Dungeon Crawl Stone Soup version 0.14-a0-3350-g14ab857 (webtiles) character file.

1020 Sabsy the Cutter (level 7, -7/40 HPs)
             Began as a Tengu Assassin on Mar 18, 2014.
             Mangled by an orc warrior
             ... wielding a +0,+0 hand axe
              (17 damage)
             ... on Level 6 of the Dungeon.
             The game lasted 00:28:04 (4584 turns).

Sabsy the Cutter (Tengu Assassin)                   Turns: 4584, Time: 00:28:04

HP  -7/40        AC  5     Str 16      XL: 7   Next: 86%
MP   8/9         EV 20     Int 12      God:
Gold 235         SH  0     Dex 19      Spells:  0 memorised,  6 levels left

rFire  . . .     SeeInvis .     a - +4,+2 dagger (drain)
rCold  . . .     Clarity  .     n - +1 robe
rNeg   . . .     Conserve .     (no shield)
rPois  .         rCorr    .     (helmet restricted)
rElec  .         rRot     .     d - +0 cloak
SustAb . .       Spirit   .     x - +0 pair of gloves
rMut   .         Warding  .     (boots unavailable)
Saprov . . .     Stasis   .     (no amulet)
MR     .....                    (no ring)
                                o - +2 ring of dexterity

@: mighty, flying, quick, not resistant to hostile enchantments, stealthy
A: able to fly, beak, talons 3
a: no special abilities


You were on level 6 of the Dungeon.
You were not hungry.

You visited 1 branch of the dungeon, and saw 6 of its levels.

You collected 235 gold pieces.

Inventory:

Hand weapons
 a - a +4,+2 dagger of draining (weapon)
 b - a +2 blowgun
 l - a +2,+2 dagger
Missiles
 e - 33 poisoned needles
 f - 2 curare-tipped needles
 i - 20 stones (quivered)
 z - a silver tomahawk
Armour
 d - a +0 cloak (worn)
 n - a +1 robe (worn)
 x - a +0 pair of gloves (worn)
Comestibles
 g - 2 bread rations
 k - 2 meat rations
 A - an apple
 B - a lychee
 D - a pear
Scrolls
 j - 6 scrolls of identify
 m - 2 scrolls of teleportation
 q - a scroll of enchant weapon II {unknown}
 r - a scroll of remove curse
 s - a scroll of immolation
 u - 2 scrolls of enchant armour
 v - a scroll of blinking {unknown}
 w - 2 scrolls of random uselessness {unknown}
 C - a scroll of amnesia {unknown}
Jewellery
 o - a +2 ring of dexterity (left hand)
 y - a +1 ring of protection {unknown}
Potions
 p - a potion of magic
Books
 c - a book of the Tempests

   Spells                             Type                      Level
   Static Discharge                   Conjuration/Air              3
   Lightning Bolt                     Conjuration/Air              5
   Fireball                           Conjuration/Fire             5
   Tornado                            Air                          9
   Shatter                            Earth                        9


   Skills:
 - Level 2.0 Fighting
 + Level 6.8 Short Blades
 - Level 2.1 Throwing
 + Level 6.6 Dodging
 - Level 4.0 Stealth


You had 6 spell levels left.
You didn't know any spells.

Dungeon Overview and Level Annotations

Branches:
Dungeon (6/15)
 Temple: D:4-7

Altars:


Innate Abilities, Weirdness & Mutations

You can fly.
You have a beak for a mouth.
You have claws for feet.


Message History

Found three hammers and a runed hammer.
Drink which item? (? for menu, Esc to quit)
Okay, then.
Read which item? (? for menu, Esc to quit)
Okay, then.
The orc warrior throws a tomahawk.
The tomahawk hits you!
You see here a tomahawk.
The orc shouts!
You are too injured to fight recklessly!
You hit the orc warrior but do no damage.
You claw the orc warrior, but do no damage.
The orc warrior hits you with a hand axe.
* * * LOW HITPOINT WARNING * * *
Drink which item? (? for menu, Esc to quit)
Okay, then.
You hit the orc warrior but do no damage.
You drain the orc warrior! Your kick misses the orc warrior.
You peck the orc warrior, but do no damage.
The orc warrior hits you with a hand axe!
You die...

.....#..###........#
.........##........#
.........##........#
.........##........#
.........##........#
...##o...##........#
.......o.o.o.(.....#
%####....##...oo...#
## ############@###
#(# #.# ♣)♣).....# #
)♣)fP....# #
♣♣♣.f....# #
♣♣f...## ♣♣♣♣####
♣♣♣


You could see an orc warrior and 3 orcs.

Vanquished Creatures
  Eustachio (D:4)
  Edmund (D:6)
  2 giant frogs (D:6)
  A centaur (D:6)
  2 crimson imps (D:5)
  A hound (D:5)
  An orc priest (D:3)
  A worker ant (D:3)
  A scorpion (D:5)
  Ijyb (D:6)
  3 orc wizards
  6 adders
  3 gnolls (D:4)
  3 giant mites
  2 worms
  An adder skeleton (D:4)
  A giant eyeball (D:5)
  5 giant geckos
  An ooze (D:3)
  12 hobgoblins
  8 jackals
  3 quokkas (D:3)
  A ball python skeleton (D:5)
  9 bats
  4 giant cockroaches
  A giant gecko skeleton (D:5)
  6 giant newts
  18 goblins
  12 kobolds
  A kobold skeleton (D:5)
  11 orcs
  11 rats
134 creatures vanquished.

Notes
Turn   | Place    | Note
--------------------------------------------------------------
     0 | D:1      | Sabsy, the Tengu Assassin, began the quest for the Orb.
     0 | D:1      | Reached XP level 1. HP: 12/12 MP: 1/1
    70 | D:1      | Reached XP level 2. HP: 14/17 MP: 3/3
   797 | D:1      | Reached XP level 3. HP: 21/21 MP: 4/4
  1413 | D:2      | Reached XP level 4. HP: 26/26 MP: 5/5
  2191 | D:3      | Reached XP level 5. HP: 30/30 MP: 7/7
  2635 | D:4      | Noticed a phantom
  2768 | D:4      | Noticed Eustachio
  2778 | D:4      | Killed Eustachio
  2778 | D:4      | Reached skill level 5 in Short Blades
  2778 | D:4      | Reached XP level 6. HP: 17/35 MP: 8/8
  3011 | D:4      | Reached skill level 5 in Dodging
  3651 | D:5      | Entered Level 5 of the Dungeon
  3861 | D:5      | Reached XP level 7. HP: 34/40 MP: 9/9
  4342 | D:5      | Reached skill level 6 in Short Blades
  4385 | D:6      | Noticed Edmund
  4412 | D:6      | Killed Edmund
  4535 | D:6      | Noticed Ijyb
  4542 | D:6      | Killed Ijyb
  4584 | D:6      | Mangled by an orc warrior

Action                   |  1- 3 |  4- 6 |  7- 9 || total
-------------------------+-------+-------+-------++-------
Melee: Dagger            |    95 |   136 |    81 ||   312
 Fire: Blowgun           |       |     2 |     1 ||     3
Throw: Stone             |    11 |       |       ||    11
 Abil: Fly               |       |     5 |     2 ||     7
  Use: Scroll            |     1 |     2 |     3 ||     6
       Potion            |       |     7 |     4 ||    11
 Stab: Sleeping          |     5 |    11 |     3 ||    19
       Distracted        |       |     1 |       ||     1
